 Dungeon Crawl Stone Soup version 0.20-a0-945-g3bf614a (webtiles) character file.

219 RepHenryClay the Ducker (level 6, -2/38 HPs)
             Began as a Kobold Gladiator on Apr 2, 2017.
             Killed by divine providence
             ... invoked by an orc priest
              (12 damage)
             ... on level 3 of the Dungeon.
             The game lasted 00:04:16 (2782 turns).

RepHenryClay the Ducker (Kobold Gladiator)          Turns: 2782, Time: 00:04:17

Health: -2/38      AC: 10    Str: 13    XL:     6   Next: 18%
Magic:  6/6        EV: 16    Int:  9    God:
Gold:   133        SH:  0    Dex: 19    Spells: 5/5 levels left

rFire    . . .     SeeInvis .   a - +0 quarterstaff
rCold    . . .     Gourm    .   (shield currently unavailable)
rNeg     . . .     Faith    .   e - +0 ring mail
rPois    +         Spirit   .   c - +0 helmet
rElec    .         Reflect  .   (no cloak)
rCorr    .         Harm     .   (no gloves)
MR       .....                  (no boots)
Stlth    +.........             (no amulet)
Regen    0.2/turn               m - +4 ring of protection
MPRegen  0.1/turn               (no ring)

@: no status effects
A: blurry vision 1, carnivore 3, sense surroundings 1, poison resistance, strong
1
a: no special abilities


You were on level 3 of the Dungeon.
You were completely stuffed.

You visited 1 branch of the dungeon, and saw 4 of its levels.

You collected 133 gold pieces.

Inventory:

Hand Weapons
 a - a +0 quarterstaff (weapon)
Armour
 c - a +0 helmet (worn)
 e - a +0 ring mail (worn)
Jewellery
 m - a +4 ring of protection (left hand)
Scrolls
 b - 2 scrolls of amnesia {unknown}
 g - 2 scrolls of enchant armour {unknown}
 i - 2 scrolls of identify {@r1}
 j - 3 scrolls of remove curse {unknown}
 k - a scroll of immolation {unknown}
 l - 4 scrolls of magic mapping {unknown}
 n - a scroll of fog {unknown}
 p - a scroll of fear {unknown}
 r - a scroll of teleportation {unknown}
Potions
 h - a potion of flight
 o - a potion of haste
Comestibles
 d - a chunk of flesh
 f - 2 meat rations


   Skills:
 + Level 3.7 Fighting
 + Level 3.8 Staves
 - Level 2.5 Throwing
 + Level 1.7 Armour
 + Level 4.8 Dodging


You had 5 spell levels left.
You didn't know any spells.

Dungeon Overview and Level Annotations

Branches:
Dungeon (4/15)
 Temple: D:4-7

Altars:
Cheibriados
Fedhas

Annotations:
D:2 Grinder
D:4 Dowan, Duvessa


Innate Abilities, Weirdness & Mutations

You are small and have problems with some larger weapons.
You are carnivorous and can eat meat at any time.
Scrolls take you a little longer to read.
You passively map a small area around you.
Your system is resistant to poisons. (rPois)
Your muscles are strong. (Str +2)


Message History

Unknown command.
Unknown command.
Throwing (i - inventory):
q - a throwing net (quivered)
Press: ? - help, Shift-Dir - straight line, f - orc priest
Aim: an orc priest, wielding a mace and wearing a chain mail (lightly wounded)
You throw a throwing net. The throwing net hits the orc priest.
The orc priest is caught in the net!
The orc priest is lightly wounded.
The orc priest struggles against the net.
You hit the orc priest.
The orc priest is heavily wounded.
The orc priest begins to cast a cantrip, but forgets the words!
The orc priest struggles against the net.
You hit the orc priest but do no damage.
The orc priest is heavily wounded.
You hit the orc priest.
The orc priest is severely wounded.
The orc priest invokes the aid of Beogh against you.
Beogh smites you!
You die...

######...##...###.####.......
###.##..............##..
##.##...###.#....#.)... #.......#
#.####....... #.......###.#
#####... #.....####g.# ######...
#.......##.####.[.).)..
####o...##.# #..#####.. ##@..##.#
#<###..... ####### #.(....#
#......... #.....#
##.....###......... #.....#
##........#.....## #.....#
#..........)[.###
#.....#########>........[.....
######....)........................
...(.......######.###......#......#
###.##.....# #.###........####..


You could see an orc priest (caught).

Vanquished Creatures
  The ghost of MemesquadDaddy the Sneak, an amateur OpAs (D:3)
  Ijyb (D:3)
  4 adders
  An ooze (D:3)
  A worm (D:2)
  2 dart slugs
  4 leopard geckos
  4 orcs (D:3)
  A giant cockroach (D:2)
  8 goblins
  11 hobgoblins
  2 jackals (D:4)
  4 kobolds
  A quokka (D:3)
  2 ball pythons (D:1)
  5 bats
  9 frilled lizards
  7 rats
68 creatures vanquished.

Notes
Turn   | Place    | Note
-------+----------+-------------------------------------------
     0 | D:1      | RepHenryClay the Kobold Gladiator began the quest for the Orb.
     0 | D:1      | Reached XP level 1. HP: 12/12 MP: 1/1
   139 | D:1      | Reached XP level 2. HP: 18/18 MP: 2/2
   393 | D:1      | Reached skill level 4 in Dodging
   454 | D:1      | Reached XP level 3. HP: 22/22 MP: 3/3
   687 | D:2      | Found a snail-covered altar of Cheibriados.
   954 | D:2      | Reached XP level 4. HP: 20/27 MP: 4/4
  1068 | D:2      | Found a blossoming altar of Fedhas.
  1366 | D:3      | Noticed Grinder
  1380 | D:3      | Noticed Ijyb
  1889 | D:3      | Reached skill level 1 in Armour
  1945 | D:3      | Noticed MemesquadDaddy's ghost (amateur OpAs)
  1962 | D:3      | Killed MemesquadDaddy's ghost
  1962 | D:3      | Reached XP level 5. HP: 26/32 MP: 5/5
  2303 | D:3      | Killed Ijyb
  2303 | D:3      | Reached XP level 6. HP: 22/37 MP: 6/6
  2637 | D:4      | Noticed Duvessa
  2643 | D:4      | Noticed Dowan
  2643 | D:4      | Gained mutation: You passively map a small area around you. [potion of mutation]
  2643 | D:4      | Gained mutation: Scrolls take you a little longer to read. [potion of mutation]
  2643 | D:4      | Gained mutation: Your muscles are strong. (Str +2) [potion of mutation]
  2643 | D:4      | Gained mutation: Your system is resistant to poisons. (rPois) [potion of mutation]
  2782 | D:3      | Killed from afar by an orc priest

Vault maps used:
D:1:      dpeg_arrival_rooms_b
D:2:      minmay_wonky_spiral, cheibriados_altar_1, fedhas_altar_fruit_tree
D:3:      minmay_fountain_box, kennysheep_potato, uniq_grinder, uniq_iyjb
D:4:      tgw_trog, kennysheep_small_square, uniq_duvessa, uniq_blork_the_orc,
          uniq_crazy_yiuf_cottage

Skill      XL: |  1  2  3  4 |
---------------+-------------+-----
Dodging        | 4 |  4.8
Staves         | 3 |  3.8
Fighting       | 3 |  3.7
Armour         | 1 |  1.7
Throwing       | |  2.5

Action                   |  1- 3 |  4- 6 || total
-------------------------+-------+-------++-------
Melee: Quarterstaff      |    98 |   142 ||   240
       Unarmed           |       |    31 ||    31
Throw: Throwing net      |       |     4 ||     4
  Use: Potion            |       |     3 ||     3
       Scroll            |       |     2 ||     2
 Stab: Held in net/web   |       |     1 ||     1
  Eat: Chunk             |     9 |     6 ||    15
Armor: Ring mail         |    25 |    49 ||    74
       Skin              |       |    27 ||    27
Dodge: Dodged            |    79 |   160 ||   239
